 Dungeon Crawl Stone Soup version 0.31-a0-39-g17ee01c9f4 (webtiles) character file.

Game seed: 4998154291830558225

262 Nedwor the Cutter (level 5, -4/41 HPs)
             Began as a Demonspawn Gladiator on May 15, 2023.
             Slain by a gnoll bouda
             ... wielding a +0 whip
              (5 damage)
             ... on level 3 of the Dungeon on May 17, 2023.
             The game lasted 00:05:14 (2885 turns).

Nedwor the Cutter (Demonspawn Gladiator)            Turns: 2885, Time: 00:05:15

Health: -4/41      AC:  9    Str: 17    XL:     5   Next: 97%
Magic:  1/1        EV:  8    Int:  9    God:
Gold:   225        SH:  5    Dex: 14    Spells: 4/4 levels left

rFire   . . .        m - +2 dagger (antimagic)
rCold   . . .        (no shield)
rNeg    . . .        h - +0 chain mail
rPois   .            c - +0 helmet
rElec   .            (no cloak)
rCorr   .            (no gloves)
SInv    .            (no boots)
Will    .....        p - amulet of reflection Stlth
                     (no ring)
HPRegen 0.26/turn    (no ring)
MPRegen 0.07/turn

%: reflection
@: no status effects
A: claws 1, demonic guardian 2
a: no special abilities


You were on level 3 of the Dungeon.
You visited 1 branch of the dungeon, and saw 3 of its levels.

You collected 225 gold pieces.

Inventory:

Hand Weapons
 m - a +2 antimagic dagger (weapon)
Missiles
 d - a throwing net (quivered)
 e - a javelin
Armour
 c - a +0 helmet (worn)
 h - a +0 chain mail (worn)
Jewellery
 p - an amulet of reflection (around neck)
Scrolls
 i - a scroll of enchant weapon {unknown}
 j - a scroll of silence {unknown}
Potions
 a - a potion of lignification {unknown}
 b - a potion of might {unknown}
 f - 2 potions of brilliance
 g - 2 potions of flight {unknown}
 k - 2 potions of ambrosia {unknown}
 l - a potion of heal wounds {unknown}


   Skills:
 + Level 3.2 Fighting
 * Level 4.3 Short Blades
 - Level 1.7 Throwing
 + Level 2.1 Armour
 + Level 3.6 Dodging


You had 4 spell levels left.
You didn't know any spells.
Your spell library was empty.

Dungeon Overview and Level Annotations

Branches:
Dungeon (3/15)

Altars:


Innate Abilities, Weirdness & Mutations

You have sharp fingernails.
A demonic guardian rushes to your aid.


Message History

You closely miss the gnoll.
The gnoll is severely wounded.
The gnoll hits you from afar with a +0 spear.
* * * LOW HITPOINT WARNING * * *
The gnoll hits you but does no damage.
You barely miss the gnoll.
The gnoll is severely wounded.
The gnoll is no longer moving quickly.
You block the gnoll's attack.
You barely miss the gnoll.
The gnoll is severely wounded.
You block the gnoll's attack.
You hit the gnoll.
The gnoll is almost dead.
The gnoll hits you but does no damage.
The gnoll bouda barks out a call to the hunt!
The gnolls pick up the pace!
The gnoll hits you with a +0 whip.
* * * LOW HITPOINT WARNING * * *
A demonic guardian appears!
Welcome back, Nedwor the Demonspawn Gladiator.
Press ? for a list of commands and other information.
The gnoll attacks as you move away! You block the gnoll's attack.
You swap places.
You block the gnoll's attack.
Your ice devil barely misses the gnoll.
The gnoll attacks as you move away! The gnoll hits you with a +0 whip.
* * * LOW HITPOINT WARNING * * *
Your ice devil hits the gnoll.
The gnoll dies!
Your ice devil hits the hobgoblin!
The hobgoblin dies!
The gnoll hits you from afar with a +0 spear.
* * * LOW HITPOINT WARNING * * *
Your ice devil hits the gnoll!
Your ice devil freezes the gnoll!
The gnoll dies!
Your ice devil closely misses the gnoll bouda.
Things that are here:
a +0 whip; a hobgoblin corpse The gnoll bouda attacks as you move away!
The gnoll bouda hits you with a +0 whip.
You die...

..........#.####....###.#.#...#)
...##.##.###.##.......##.#.#...#.
...##.##.###.## #.....##.#.....#.
.....<..)....##.#.....##...#...#.
..######)#............†.[........
...............#.....)).........
#######.#....#####...........##.
#.###..##4g............... #.#
..##@###...†......### #.# .##.#
#.......8.## #.# #.# #..##....##
#.# .##.###..##...##
.......g.....## .......g.....#
..##.###......# .........$....#
#..##.#.#...#..#


You could see a gnoll bouda (corroded, ally target) and a friendly ice devil
(summoned).

Vanquished Creatures
  A scorpion (D:3)
  4 gnolls (D:3)
  4 adders
  A worm (D:2)
  7 dart slugs
  An orc (D:3)
  An endoplasm (D:3)
  3 giant cockroaches
  7 goblins
  7 hobgoblins
  2 jackals (D:2)
  A quokka (D:2)
  7 ball pythons
  5 bats
  A frilled lizard (D:1)
  A kobold (D:1)
  6 rats
59 creatures vanquished.

Vanquished Creatures (collateral kills)
  Terence (D:3)
  3 gnolls (D:3)
  A hobgoblin (D:3)
  A kobold (D:3)
6 creatures vanquished.

Grand Total: 65 creatures vanquished

Notes
Turn   | Place    | Note
-------+----------+-------------------------------------------
     0 | D:1      | Nedwor the Demonspawn Gladiator began the quest for the
                  | Orb.
     0 | D:1      | Reached XP level 1. HP: 16/16 MP: 1/1
   140 | D:1      | Gained mutation: A weak demonic guardian rushes to your
                  | aid. [demonic ancestry]
   140 | D:1      | Reached XP level 2. HP: 22/22 MP: 2/2
   160 | D:1      | Found a faded altar of an unknown god.
   205 | D:1      | Reached skill level 3 in Short Blades
   418 | D:1      | Reached XP level 3. HP: 20/28 MP: 3/3
   951 | D:2      | Reached skill level 1 in Armour
  1135 | D:2      | Gained mutation: You have sharp fingernails. [demonic
                  | ancestry]
  1135 | D:2      | Reached XP level 4. HP: 34/34 MP: 4/4
  2111 | D:3      | HP: 1/34 [poisoned by a kobold]
  2521 | D:3      | Noticed a scorpion
  2547 | D:3      | Killed a scorpion
  2548 | D:3      | Reached skill level 4 in Short Blades
  2548 | D:3      | Gained mutation: A demonic guardian rushes to your aid.
                  | [demonic ancestry]
  2548 | D:3      | Reached XP level 5. HP: 17/41 MP: 1/5
  2653 | D:3      | Noticed Terence
  2691 | D:3      | Killed Terence
  2879 | D:3      | Upgraded the game from 0.31-a0-37-g98a128e1d9 to
                  | 0.31-a0-39-g17ee01c9f4
  2883 | D:3      | HP: 1/41 [gnoll/+0 spear[a gnoll bouda] (3)]
  2885 | D:3      | Slain by a gnoll bouda

Illustrated notes

Levels and vault maps discovered:
D:1:      giann_wishing_wells, layout_basic, basic_ecumenical_altar,
          chequers_serial_rivers_small_3, minmay_misc_feat_more_columns,
          serial_bayou_pond_a, minmay_pentomino_r4
D:2:      minmay_wonky_spiral, layout_basic
D:3:      layout_basic, nicolae_overflow_ecumenical_swirl, uniq_terence

Skill      XL: |  1  2  3  4  5 |
---------------+----------------+-----
Short Blades   | 3 4 |  4.3
Dodging        | 3 |  3.6
Armour         | 1 2 |  2.1
Fighting       | 3 |  3.2
Throwing       | |  1.7

Action                     |  1- 3 |  4- 6 || total
---------------------------+-------+-------++-------
  Melee: Rapier            |   144 |    57 ||   201
         Punch             |     1 |       ||     1
         Dagger            |       |    92 ||    92
  Throw: Throwing net      |     3 |     1 ||     4
    Use: Scroll            |       |     6 ||     6
         Potion            |       |     4 ||     4
 Armour: Leather armour    |    16 |       ||    16
         Chain mail        |    58 |    56 ||   114
  Dodge: Dodged            |    81 |    30 ||   111
  Block: Other             |       |    34 ||    34
         Reflection        |       |     1 ||     1

Table legend: (Time is in decaauts)
 A = Elapsed time spent in this place.
 B = Non-inter-level travel time spent in this place.
 C = Inter-level travel time spent in this place.
 D = Time resting spent in this place.
 E = Time spent auto-exploring this place.
 F = Levels seen in this place.
 G = Mean time per level.
                   A        B        C        D        E       F      G
               +--------+--------+--------+--------+--------+-----+--------+
         Total |   2878 |   2786 |     92 |    752 |   1472 |   3 |  959.3 |
       Dungeon |   2878 |   2786 |     92 |    752 |   1472 |   3 |  959.3 |
               +--------+--------+--------+--------+--------+-----+--------+

Top non-repeatable levels by time:
     D:2: 1116 daAuts
     D:1: 884 daAuts
     D:3: 878 daAuts
